[Event "Early-Titled-Tuesday-Blitz-February-06-2024"]
[Site "Chess.com"]
[Date "2024.02.06"]
[Round "5"]
[White "SnekkerAndersen"]
[Black "Jumbo"]
[Result "0-1"]
[WhiteElo "2645"]
[BlackElo "2865"]
[TimeControl "180+1"]
[EndTime "8:55:41 PST"]
[Termination "Jumbo won by resignation"]

1. d4 Nf6 2. c4 e6 3. Nf3 Bb4+ 4. Bd2 c5 5. Bxb4 cxb4 6. a3 bxa3 7. Rxa3 b6 8. Nc3 Bb7 9. Qc2 Nc6 10. e4 Nb4 11. Qb1 O-O 12. Be2 d6 13. O-O a5 14.
Re1 e5 15. Bf1 Re8 16. Nd5 g6 17. Rae3 Rc8 18. Rd1 Nc6 19. b3 exd4 20. Nxd4 Nxd4 21. Rxd4 Bxd5 22. cxd5 Rc5 23. b4 axb4 24. Qxb4 Qc7 25. Rb3 Rc1 26. Rb1 Rxb1 27. Qxb1 Qc5 28. Rc4 Qa5 29.
Rb4 Re7 30. f3 Qc5+ 31. Kh1 Nd7 32. Rc4 Qe3 33. Rc8+ Kg7 34. Qb2+ Ne5 35. Rb8 Rc7 36.
Qxb6 Qe1 37. Kg1 Rc1 38. Qb5 Qe3+ 39. Kh1 Qf2 40. h3 Rxf1+ 41. Kh2 Rg1 0-1

[Event "Early-Titled-Tuesday-Blitz-February-06-2024"]
[Site "Chess.com"]
[Date "2024.02.06"]
[Round "5"]
[White "malakismayil"]
[Black "salomez"]
[Result "1-0"]
[WhiteElo "2493"]
[BlackElo "2295"]
[TimeControl "180+1"]
[EndTime "8:55:43 PST"]
[Termination "malakismayil won on time"]

1. e4 c5 2. Nf3 e6 3. c3 Nf6 4. e5 Nd5 5. g3 Nc6 6. Bg2 f6 7. exf6 Qxf6 8. O-O Be7 9. d4 O-O 10.
c4 Nb6 11. d5 exd5 12. cxd5 Nd4 13. Nxd4 cxd4 14. Nd2 d6 15. Ne4 Qe5 16. Bf4 Rxf4 17.
gxf4 Qxf4 18. Qxd4 Bd7 19. Rac1 Rf8 20. Rc3 Bb5 21. Rf3 Qxf3 22. Bxf3 Bxf1 23. Kxf1 Rxf3 24.
Nd2 Rf5 25. Qe4 Rf7 26. Nb3 Bf6 27. Qe8+ Rf8 28. Qe6+ Kh8 29. Qxd6 Rd8 30. Qc7 Rxd5 31. Qxb7 h6 32. Qxa7 Nc4 33. a4 Nxb2 34. a5 Rb5 35. Qa8+ Kh7 36. Qf3 Nc4 37. Qd3+ 1-0

[Event "Early-Titled-Tuesday-Blitz-February-06-2024"]
[Site "Chess.com"]
[Date "2024.02.06"]
[Round "5"]
[White "youngKID"]
[Black "Njal28"]
[Result "0-1"]
[WhiteElo "2802"]
[BlackElo "3080"]
[TimeControl "180+1"]
[EndTime "8:55:44 PST"]
[Termination "Njal28 won on time"]

1. e4 c5 2. Nf3 Nc6 3. Bb5 Nf6 4. Nc3 Qc7 5. O-O Nd4 6. Re1 a6 7. Bf1 e5 8. Bc4 d6 9. h3 Be7 10. a4 Be6 11. d3 h6 12. a5 O-O 13. Bd2 Qc6 14. b3 Rfe8 15. Na4 Rad8 16. Nb6 Bf8 17. c3 Nb5 18. Bxe6 fxe6 19. Nc4 Be7 20. Qe2 Rf8 21. Rab1 Qe8 22. b4 cxb4 23. cxb4 Nh5 24. g3 Qg6 25. Kh2 Qf7 26. Kg2 Qg6 27. Rbc1 Rf6 28. Be3 Rdf8 29.
Nh4 Qf7 30. Rf1 Nf4+ 31. Bxf4 exf4 32. Nf3 e5 33. g4 Bd8 34. d4 exd4 35. Rfd1 h5 36. Nxd4 hxg4 37. hxg4 Nxd4 38. Qd3 f3+ 39. Kf1 Ne2 40. Rc2 Rh6 41. Ke1 Bg5 0-1

[Event "Early-Titled-Tuesday-Blitz-February-06-2024"]
[Site "Chess.com"]
[Date "2024.02.06"]
[Round "5"]
[White "Iskusnyh"]
[Black "FredddieCroderg"]
[Result "1-0"]
[WhiteElo "2659"]
[BlackElo "2376"]
[TimeControl "180+1"]
[EndTime "8:55:44 PST"]
[Termination "Iskusnyh won by checkmate"]

1. d4 d5 2. c4 e6 3. Nf3 Nf6 4. g3 dxc4 5. Bg2 a6 6. O-O Nc6 7. e3 Bd7 8. Qe2 b5 9. b3 cxb3 10. axb3 Be7 11. Bb2 O-O 12. Rc1 Nb4 13. Ne5 Ra7 14.
Nc3 Nfd5 15. Nxd7 Qxd7 16. Nxb5 Rb7 17. Nc3 Nxc3 18. Rxc3 Nd5 19. Qxa6 Rfb8 20. Bxd5 Qxd5 21. Ba3 Bxa3 22. Rxa3 h5 23. h4 Rxb3 24. Raxb3 Rxb3 25. Rxb3 Qxb3 26. Qc8+ Kh7 27. Qxc7 Qb1+ 28. Kg2 Qe4+ 29. Kg1 Qb1+ 30. Kh2 Qf1 31. Qf4 Kg8 32. Qf3 g6 33. Qa8+ Kh7 34. Qg2 Qe1 35. Qf3 Kg7 36. Kg2 Kg8 37.
e4 Qd2 38. d5 exd5 39. exd5 Kf8 40. Qe4 Qd1 41. Qe5 Qc2 42. d6 Qc6+ 43. Kg1 Qc1+ 44.
Kh2 Qd2 45. Qh8# 1-0

[Event "Early-Titled-Tuesday-Blitz-February-06-2024"]
[Site "Chess.com"]
[Date "2024.02.06"]
[Round "5"]
[White "Lennis93"]
[Black "MasterKroket"]
[Result "0-1"]
[WhiteElo "2678"]
[BlackElo "2495"]
[TimeControl "180+1"]
[EndTime "8:55:44 PST"]
[Termination "MasterKroket won by resignation"]

1. c4 c5 2. Nf3 Nc6 3. d4 cxd4 4. Nxd4 Nf6 5. Nc3 e6 6. Ndb5 d6 7. Bf4 e5 8. Bg5 a6 9. Bxf6 gxf6 10. Na3 f5 11. g3 Bg7 12. Bg2 O-O 13. O-O Be6 14. Rc1 Rc8 15. b3 Qa5 16. Nab1 Rfd8 17. e3 b5 18.
cxb5 axb5 19. a4 bxa4 20. bxa4 Nb4 21. Qd2 d5 22. Nb5 d4 23. exd4 exd4 24. Qg5 Qxa4 25. Rxc8 Rxc8 26. Nd6 Rb8 27. Nxf5 Bxf5 28. Qxf5 Qc2 29.
Be4 Qe2 30. Qxh7+ Kf8 31. Qf5 d3 32. Qc5+ Kg8 33. Qc4 Re8 34. Bg6 Re6 35. Bxf7+ Kxf7 36. Qxb4 Bh6 37. Nc3 Qf3 38. Qc4 d2 39. h4 Ke7 40.
Nd1 Re1 41. Qc5+ Kf7 42. Qc4+ Kg7 43. Kh2 Kh7 44. Kg1 Bg7 45. Qb5 Rxd1 46. Qf5+ Qxf5 47.
Rxd1 Qd3 48. Rxd2 Qxd2 0-1

[Event "Early-Titled-Tuesday-Blitz-February-06-2024"]
[Site "Chess.com"]
[Date "2024.02.06"]
[Round "5"]
[White "Huragan007"]
[Black "Licancabur"]
[Result "1-0"]
[WhiteElo "2585"]
[BlackElo "2419"]
[TimeControl "180+1"]
[EndTime "8:55:44 PST"]
[Termination "Huragan007 won on time"]

1. e4 Nf6 2. e5 Nd5 3. d4 d6 4. Nf3 g6 5. Bc4 Nb6 6. Bb3 Bg7 7. exd6 cxd6 8. O-O O-O 9. c3 Nc6 10. Nbd2 e5 11. Ne4 d5 12. Nc5 e4 13. Ne1 Na5 14.
Bc2 Nbc4 15. Nb3 Nc6 16. Nd2 Nd6 17. Qe2 Kh8 18. Bb3 Ne7 19. Nc2 f5 20. Ne3 Be6 21.
g3 f4 22. gxf4 Rxf4 23. Ng2 Bg4 24. Qe3 Rf5 25. Kh1 Rh5 26. Qg3 Be2 27. Re1 Nef5 28. Qf4 Bh6 29. Qe5+ Bg7 30. Qe6 Bf3 31. Nxf3 exf3 32.
Nf4 Qh4 33. Nxh5 Qxh5 34. Qxd5 Qh3 35. Rg1 Nh4 36. Qxd6 Re8 37. Be3 h5 38. Qg3 Qg2+ 39. Rxg2 fxg2+ 40. Kg1 1-0

[Event "Early-Titled-Tuesday-Blitz-February-06-2024"]
[Site "Chess.com"]
[Date "2024.02.06"]
[Round "5"]
[White "DDTerziev04"]
[Black "MaxLeto"]
[Result "1-0"]
[WhiteElo "2315"]
[BlackElo "2480"]
[TimeControl "180+1"]
[EndTime "8:55:44 PST"]
[Termination "DDTerziev04 won on time"]

1. e4 c5 2. Nf3 d6 3. d4 cxd4 4. Qxd4 Nf6 5. c4 Nc6 6. Qe3 g6 7. h3 Bg7 8. Be2 O-O 9. O-O b6 10. Nc3 Bb7 11. Rd1 Nd7 12. b3 Nc5 13. Bb2 f5 14.
exf5 Rxf5 15. Rd2 Ne5 16. Nd5 e6 17. Nxe5 Bxe5 18. Bg4 exd5 19. Bxf5 gxf5 20. Bxe5 dxe5 21. Qxe5 Qg5 22. f4 Qg7 23. cxd5 Ne4 24. Rd4 Qd7 25. Rd3 Re8 26. Qd4 Qd6 27. Rf1 Re7 28. Rff3 Ba6 29. Rd1 Qc5 30. d6 Rd7 31. Qxc5 bxc5 32. Re3 Kf7 33.
g4 Ke6 34. gxf5+ Kxf5 35. Rd5+ Kxf4 36. Re1 Rg7+ 37. Kh2 Ng5 38. Rxg5 Kxg5 39. Re6 1-0

[Event "Early-Titled-Tuesday-Blitz-February-06-2024"]
[Site "Chess.com"]
[Date "2024.02.06"]
[Round "5"]
[White "BeardedNM"]
[Black "Quattroporte300"]
[Result "1-0"]
[WhiteElo "2224"]
[BlackElo "2381"]
[TimeControl "180+1"]
[EndTime "8:55:44 PST"]
[Termination "BeardedNM won by checkmate"]

1. e4 c5 2. Nf3 Nc6 3. d4 cxd4 4. Nxd4 Nf6 5. Nc3 d6 6. Bc4 e6 7. Be3 Be7 8. Qe2 O-O 9. O-O-O Qc7 10. Bb3 a6 11. g4 b5 12. g5 Nd7 13. f4 Bb7 14. Rhg1 Nc5 15. f5 Nxb3+ 16. axb3 Nxd4 17. Bxd4 e5 18. Be3 Rfc8 19. f6 Bf8 20. Nd5 Qa5 21. Kb1 Bxd5 22. Rxd5 Rc6 23. c3 Rac8 24. Rgd1 Qc7 25. h4 g6 26. h5 Qb7 27. R1d3 R6c7 28. Qg4 a5 29. Bd2 b4 30. c4 a4 31. bxa4 Rxc4 32.
b3 Rc2 33. hxg6 fxg6 34. Qe6+ Qf7 35. Qxf7+ Kxf7 36. Bxb4 Rg2 37. Bxd6 Rcc2 38. Bxf8 Kxf8 39. Rd8+ Kf7 40. R3d7+ Ke6 41. Re7# 1-0

[Event "Early-Titled-Tuesday-Blitz-February-06-2024"]
[Site "Chess.com"]
[Date "2024.02.06"]
[Round "5"]
[White "RandomNoob04"]
[Black "GelmanAlexander"]
[Result "1-0"]
[WhiteElo "2587"]
[BlackElo "2777"]
[TimeControl "180+1"]
[EndTime "8:55:46 PST"]
[Termination "RandomNoob04 won by resignation"]

1. e4 c5 2. d4 cxd4 3. c3 dxc3 4.
Nxc3 Nc6 5. Nf3 e6 6. Bc4 a6 7. O-O b5 8. Bb3 Na5 9. Re1 Nxb3 10. Qxb3 Bb7 11. a4 b4 12. Nd5 a5 13. Bg5 f6 14.
Bf4 Rc8 15. Nd4 Bc5 16. Nb5 exd5 17. exd5+ Kf8 18. Rac1 g5 19. Rxc5 gxf4 20. Rxc8 Bxc8 21. d6 Bb7 22. Nc7 Bc6 23. Qc4 h6 24. Qxf4 Rh7 25.
Qg4 Rg7 26. Qh5 Rf7 27. Qg6 Bxa4 28. Re8+ Qxe8 29. Nxe8 Kxe8 30. Qxg8+ Rf8 31. Qg6+ Rf7 32. Qxh6 Bc6 33. Qh8+ Rf8 34. Qh5+ Kd8 35. Qxa5+ Ke8 36.
Qxb4 Kf7 37. Qc4+ Kg7 38. f3 Rb8 39. b4 Rb5 40. h4 Rd5 41. Qf4 Rb5 42. g4 Kf7 43. g5 Rd5 44. Qxf6+ Kg8 45. g6 1-0

[Event "Early-Titled-Tuesday-Blitz-February-06-2024"]
[Site "Chess.com"]
[Date "2024.02.06"]
[Round "5"]
[White "NowInChess"]
[Black "NoHeThTo"]
[Result "1/2-1/2"]
[WhiteElo "2330"]
[BlackElo "2613"]
[TimeControl "180+1"]
[EndTime "8:55:46 PST"]
[Termination "Game drawn by agreement"]

1. e4 c5 2. d3 g6 3. g3 Nc6 4. Bg2 Bg7 5. f4 d6 6. Nf3 Bg4 7. h3 Bxf3 8. Qxf3 e6 9. O-O Nge7 10. c3 O-O 11. Be3 Qc7 12. Qf2 b6 13. Nd2 Rad8 14.
Nf3 d5 15. e5 f6 16. d4 Nf5 17. g4 Nxe3 18. Qxe3 cxd4 19. cxd4 fxe5 20. fxe5 Qe7 21. Rac1 Na5 22. b3 Rc8 23. g5 Rfd8 24. Nh2 Qa3 25.
Rxc8 Rxc8 26. Qf2 Rf8 27. Qe2 Rxf1+ 28. Bxf1 Qc1 29. h4 Qf4 30. Qf2 Qe4 31. Bh3 Nc6 32.
Bxe6+ Kh8 33. Qf7 Qxd4+ 34. Kg2 Qe4+ 35. Nf3 Qe2+ 36. Kh1 Qf1+ 37. Ng1 Qxf7 38. Bxf7 Nxe5 39.
Bxd5 Nd3 40. Nf3 Bc3 41. a4 Ne1 42. Nxe1 Bxe1 43. h5 gxh5 44. Bf3 h4 45. Be4 Kg7 46. Kg2 Bd2 47. Kh3 Bxg5 48. Kg4 h6 49. Kh3 Kf6 50. Bd5 Ke5 51. Bc4 Kd4 52. Bg8 Kc3 53. Bf7 Kb4 54. Bg8 Kc5 55. Bf7 Kd4 56. Bg8 Kc3 57. Bf7 Kb4 58. Bg8 Ka5 59. Bf7 a6 60. Bg8 b5 61.
axb5 Kxb5 62. Bc4+ Kb4 63. Bxa6 Kxb3 64. Bc8 1/2-1/2

[Event "Early-Titled-Tuesday-Blitz-February-06-2024"]
[Site "Chess.com"]
[Date "2024.02.06"]
[Round "5"]
[White "wyharga"]
[Black "Nikolakis2014"]
[Result "1-0"]
[WhiteElo "2564"]
[BlackElo "2722"]
[TimeControl "180+1"]
[EndTime "8:55:47 PST"]
[Termination "wyharga won by resignation"]

1. e4 c5 2. Nf3 Nc6 3. Bb5 g6 4. O-O Bg7 5. c3 Nf6 6. Re1 O-O 7. d4 d5 8. e5 Ne4 9. Be3 Qb6 10. Bxc6 Qxc6 11. Nfd2 cxd4 12. cxd4 Nxd2 13. Qxd2 Bf5 14. Nc3 Rac8 15. Bh6 Rfd8 16. Bxg7 Kxg7 17. h3 Qb6 18.
Rac1 Rc4 19. Ne2 Rdc8 20. Rxc4 Rxc4 21. Rc1 Qc6 22. b3 Rxc1+ 23. Nxc1 f6 24. Ne2 g5 25. exf6+ exf6 26. Nc3 h6 27. Qe3 Kf7 28. f3 Be6 29.
Qd3 Kg7 30. Kf2 h5 31. Ne2 h4 32. f4 Qc7 33. Qe3 Bf5 34. fxg5 Qd6 35. gxf6+ Qxf6 36. Qe5 Qxe5 37. dxe5 Kf7 38. Nd4 Bb1 39. a3 Kg6 40.
g3 Kg5 41. e6 Bg6 42. gxh4+ Kxh4 43. Nb5 Kg5 44. Ke3 Kf6 45. Nd4 a6 46. h4 Bh5 47.
Kf4 Bd1 48. b4 b6 49. e7 Kxe7 50. Ke5 Kd7 51. Kxd5 a5 52. b5 Bg4 53. Ke5 a4 54.
Kf4 Bd1 55. Ke5 Bg4 56. Nf5 Be2 57. Nd6 Bd3 58. h5 Bh7 59. h6 Bd3 60. Nf5 Bxf5 61. Kxf5 1-0

[Event "Early-Titled-Tuesday-Blitz-February-06-2024"]
[Site "Chess.com"]
[Date "2024.02.06"]
[Round "5"]
[White "Zavgorodniy_Sergiy"]
[Black "shimastream"]
[Result "0-1"]
[WhiteElo "2613"]
[BlackElo "3012"]
[TimeControl "180+1"]
[EndTime "8:55:49 PST"]
[Termination "shimastream won on time"]

1. e4 e5 2. Nf3 Nc6 3. Bb5 Bc5 4. Bxc6 dxc6 5. d3 f6 6. Be3 Bd6 7. Nbd2 Be6 8. O-O Ne7 9. c4 Ng6 10. c5 Be7 11. d4 O-O 12. Rc1 Qe8 13. h3 Rd8 14.
Qc2 Qf7 15. Nb3 b6 16. dxe5 fxe5 17. Ng5 Bxg5 18. Bxg5 Rc8 19. Nd2 h6 20. Be3 Nh4 21.
Kh1 Qh5 22. Rg1 Rf6 23. Nf1 Qf7 24. Ng3 Bxa2 25. Ra1 Bb3 26. Qc3 a5 27. Qxe5 Ng6 28. Qc3 a4 29. cxb6 cxb6 30. Bxb6 Nf4 31. Be3 Nh5 32. Nxh5 Qxh5 33. Kh2 Re8 34. f3 Qh4 35. Qd2 Rg6 36. Bf2 Qf6 37. Rac1 Kh7 38. Qd4 Qe6 39. Kh1 Rf8 40. Qe3 Rgf6 41. Rc5 Rxf3 0-1

[Event "Early-Titled-Tuesday-Blitz-February-06-2024"]
[Site "Chess.com"]
[Date "2024.02.06"]
[Round "5"]
[White "LornerAcosta"]
[Black "Zurability"]
[Result "0-1"]
[WhiteElo "2497"]
[BlackElo "2742"]
[TimeControl "180+1"]
[EndTime "8:55:49 PST"]
[Termination "Zurability won on time"]

1. Nf3 b6 2. e3 Bb7 3. c4 g6 4. Be2 Bg7 5. O-O Nf6 6. Nc3 O-O 7. d4 e6 8. d5 exd5 9. cxd5 Re8 10. Re1 c5 11.
Bc4 d6 12. e4 a6 13. a4 Nbd7 14. Bf4 Qc7 15. h3 Nh5 16. Bh2 Ne5 17. Nxe5 Bxe5 18. Qd2 Qe7 19. Bf1 Qf6 20. Bxe5 Rxe5 21. g3 Rae8 22.
Bg2 R5e7 23. Kh2 Qd4 24. Rad1 Qb4 25. Qc2 Nf6 26. f3 Nxd5 27. Rd2 c4 28. Nxd5 Bxd5 29. Red1 Be6 30. Rxd6 Rc7 31. Qc3 Qxa4 32. Rxb6 Rc6 33.
Rb7 Rcc8 34. Rb4 Qc6 35. Rd4 Qc5 36. Ra4 Rb8 37. Ra1 Rb3 38. Qd2 Qb6 39. Rc1 Rxb2 40. Qe3 Rb5 41. Qf2 Rb2 42. Rd2 Qxf2 43. Rxf2 Rxf2 44.
Kg1 Rd2 0-1

[Event "Early-Titled-Tuesday-Blitz-February-06-2024"]
[Site "Chess.com"]
[Date "2024.02.06"]
[Round "5"]
[White "NikoTheodorou"]
[Black "The_Machine04"]
[Result "1-0"]
[WhiteElo "3060"]
[BlackElo "2701"]
[TimeControl "180+1"]
[EndTime "8:55:50 PST"]
[Termination "NikoTheodorou won on time"]

1. Nf3 d5 2. b3 Nd7 3. Bb2 c6 4. g3 Ngf6 5. Bg2 Qc7 6. d4 e6 7. O-O Bd6 8. c4 O-O 9. Nc3 Re8 10. Rc1 a6 11. Nd2 Qb8 12. e4 dxe4 13. Ndxe4 Nxe4 14. Nxe4 Bf8 15. d5 cxd5 16. cxd5 exd5 17. Qxd5 Nb6 18. Qd4 Nd7 19. Qd5 Ne5 20. Rxc8 Qxc8 21. Bxe5 Qf5 22. f4 Rac8 23. Ng5 Rc5 24. Qxb7 Re7 25. Be4 Qxg5 26. fxg5 Rxb7 27. Bxb7 Rxe5 28. Bxa6 Rxg5 29. Bc4 h5 30. Rxf7 Bc5+ 31. Kg2 Kh7 32. Bd3+ Kh6 33. Rf5 Rxf5 34. Bxf5 Ba3 35. Kf3 Kg5 36. Bd7 h4 37. gxh4+ Kxh4 38. h3 Kg5 39. Bg4 Kf6 40. Ke4 Ke7 41. Kd5 Kd8 42. Kc4 Kc7 43. b4 Kb6 44. Kb3 Bc1 45. a4 Bf4 46. a5+ Kb7 47. b5 Bd2 48. Bf3+ Kb8 49.
Ka4 1-0

[Event "Early-Titled-Tuesday-Blitz-February-06-2024"]
[Site "Chess.com"]
[Date "2024.02.06"]
[Round "5"]
[White "Nasrin_Babayeva"]
[Black "ChEsper99"]
[Result "0-1"]
[WhiteElo "1914"]
[BlackElo "2206"]
[TimeControl "180+1"]
[EndTime "8:55:50 PST"]
[Termination "ChEsper99 won on time"]

1. d4 d5 2. c4 e6 3. Nf3 Nf6 4. e3 dxc4 5. Bxc4 a6 6. Ne5 b5 7.
Be2 Bb7 8. Bf3 Bxf3 9. Qxf3 Qd5 10.
Nc3 Qxf3 11. Nxf3 c5 12. O-O Nbd7 13. b3 Be7 14. Bb2 O-O 15. Rfd1 Rfd8 16. Rac1 cxd4 17. Nxd4 Rac8 18. Nce2 Ne5 19. Nxe6 fxe6 20. Bxe5 Rxd1+ 21.
Rxd1 Rc2 22. Nc1 Ba3 23. Bxf6 gxf6 24. Nd3 Rxa2 25. Nf4 e5 26. Nd5 Kf7 27. Rb1 Bd6 28. Kf1 Ke6 29. Nc3 Rc2 30. Ne4 Bb4 31. Ra1 a5 32. Rb1 f5 33. Ng5+ Kd5 34. Nxh7 Kc5 35. Nf6 a4 36. bxa4 bxa4 37. Nd7+ Kb5 38. Nxe5 a3 39. Nd3 a2 40. Rxb4+ Ka5 41. Ne1 a1=Q 42. Rf4 Rc1 0-1

[Event "Early-Titled-Tuesday-Blitz-February-06-2024"]
[Site "Chess.com"]
[Date "2024.02.06"]
[Round "5"]
[White "Martial2008"]
[Black "ChristopherYoo"]
[Result "0-1"]
[WhiteElo "2680"]
[BlackElo "2962"]
[TimeControl "180+1"]
[EndTime "8:55:51 PST"]
[Termination "ChristopherYoo won by resignation"]

1. d4 Nf6 2. Nf3 g6 3. Bg5 Bg7 4. Nbd2 h6 5. Bh4 O-O 6. c3 d6 7. e4 c5 8. dxc5 dxc5 9. Be2 Nc6 10. O-O Nh5 11. Qc2 Nf4 12. Nc4 b6 13. Rad1 Qc7 14.
Bg3 Nxe2+ 15. Qxe2 Qb7 16. Nfe5 Nxe5 17. Bxe5 f6 18.
Bg3 Be6 19. b3 Rfd8 20. f3 Qc6 21. Ne3 a5 22. c4 Bf8 23. Nd5 Bf7 24. a4 Rd7 25.
Rd2 Rad8 26. Rfd1 Kg7 27. e5 Bxd5 28. exf6+ exf6 29. cxd5 Rxd5 30. Rxd5 Rxd5 31. Rxd5 Qxd5 32. Qc4 Qd1+ 33. Kf2 h5 34. Bc7 Qd2+ 35. Kf1 Bd6 36. Bxb6 Bxh2 37. Bxc5 Qd1+ 38. Kf2 Qg1+ 39. Ke2 Qxg2+ 40.
Ke3 Bg1+ 41. Ke4 f5+ 42. Kf4 Qh2+ 43. Kg5 Qg3+ 44. Qg4 hxg4 45. Bf8+ Kf7 46. f4 Qh3 0-1

[Event "Early-Titled-Tuesday-Blitz-February-06-2024"]
[Site "Chess.com"]
[Date "2024.02.06"]
[Round "5"]
[White "BestStelker"]
[Black "betta2004"]
[Result "1/2-1/2"]
[WhiteElo "2708"]
[BlackElo "2532"]
[TimeControl "180+1"]
[EndTime "8:55:52 PST"]
[Termination "Game drawn by repetition"]

1. c4 g6 2. Nc3 Bg7 3. Nf3 c5 4.
g3 d6 5. Bg2 Nc6 6. O-O e6 7.
Rb1 Nge7 8. a3 O-O 9. b4 b6 10. bxc5 dxc5 11. Ne4 Bb7 12. d3 Rb8 13. Bb2 e5 14. e3 Qd7 15. Qc2 f5 16. Nc3 h6 17.
Rfd1 g5 18. Nd5 Nxd5 19. cxd5 Qxd5 20. Qa4 Qe6 21. d4 cxd4 22. exd4 exd4 23. Nxd4 Nxd4 24. Bxd4 Bxg2 25. Bxg7 Kxg7 26. Kxg2 Rf7 27. Rd4 f4 28. gxf4 Qg4+ 29. Kf1 gxf4 30. Rb3 Kh7 31. Qc4 Rg7 32.
Qd3+ Kh8 33. Rd8+ Rxd8 34. Qxd8+ Rg8 35. Qd4+ Kh7 36. Qe4+ Rg6 37. Rd3 h5 38. h3 Qg5 39.
Rd5 Qg1+ 40. Ke2 f3+ 41. Kxf3 Qg2+ 42. Ke3 Qxh3+ 43. f3 Qh2 44. Qf5 Qg1+ 45. Ke2 Qg2+ 46.
Ke3 Qg1+ 47. Ke2 Qg2+ 48. Ke3 Qg1+ 1/2-1/2

[Event "Early-Titled-Tuesday-Blitz-February-06-2024"]
[Site "Chess.com"]
[Date "2024.02.06"]
[Round "5"]
[White "GMRAVEN_ON_YOUTUBE"]
[Black "NMJeevanK"]
[Result "1/2-1/2"]
[WhiteElo "2774"]
[BlackElo "2589"]
[TimeControl "180+1"]
[EndTime "8:55:53 PST"]
[Termination "Game drawn by agreement"]

1. f4 d5 2. Nf3 c5 3. e3 Nc6 4.
Bb5 Nf6 5. Bxc6+ bxc6 6. b3 g6 7. Bb2 Bg7 8. Ne5 Qc7 9. Nc3 O-O 10. Na4 d4 11. O-O Ba6 12. d3 dxe3 13. Qe2 Nd5 14.
Nxc5 Bc8 15. g3 Bh3 16. Rfe1 Rad8 17. c4 Nb6 18. Qxe3 h5 19. d4 e6 20. Qf3 Bxe5 21.
fxe5 Bg4 22. Qf6 Nd7 23. Qe7 Rfe8 24. Qd6 Qc8 25. Ne4 Kg7 26. Qa3 Bf3 27. Nd6 Qa8 28.
Rf1 c5 29. d5 Bxd5 30. Rxf7+ Kh8 31. cxd5 Qxd5 32. Qxa7 Qd2 33. Rxd7 Rxd7 34. Qxd7 Qe3+ 35.
Kf1 Rf8+ 36. Nf7+ Kg7 37. Kg2 Rxf7 38. Qd1 Rf2+ 39. Kh3 Rxb2 40. Qf1 Qxe5 41. Re1 Qf5+ 42. Qxf5 exf5 43. Re5 g5 44. Rxf5 Kg6 45. g4 hxg4+ 46. Kxg4 Rg2+ 47. Kf3 Rxh2 48. Rxc5 Rxa2 49. Ke4 Rb2 50.
Rc3 Kh5 51. Kf5 Kh4 52. Rc4+ Kh3 53. Kxg5 Rxb3 1/2-1/2

[Event "Early-Titled-Tuesday-Blitz-February-06-2024"]
[Site "Chess.com"]
[Date "2024.02.06"]
[Round "5"]
[White "Yeritsyaan"]
[Black "Atousa"]
[Result "0-1"]
[WhiteElo "2619"]
[BlackElo "2472"]
[TimeControl "180+1"]
[EndTime "8:55:53 PST"]
[Termination "Atousa won by resignation"]

1. Nf3 d5 2. g3 c6 3. Bg2 Nf6 4. O-O Bg4 5. d3 e6 6. c4 Nbd7 7. Nbd2 Be7 8. b3 O-O 9. Bb2 a5 10. a3 h6 11. Qc2 Rc8 12. Rac1 Re8 13. Qb1 Nh7 14. e4 Bf6 15. e5 Be7 16. Rfe1 Nc5 17. d4 Bf5 18. Qa2 Nd3 19. Red1 Nxc1 20. Rxc1 Ng5 21.
Bc3 Ne4 22. Nxe4 Bxe4 23. c5 b6 24. Qd2 Bxf3 25. Bxf3 Bg5 26. Qd1 Bxc1 27. Qxc1 bxc5 28. dxc5 d4 29. Bd2 Re7 30. Qc4 Rb7 31. Be4 Qc7 32. f4 Rcb8 33. Bc2 Qd7 34. Bxa5 d3 35. Bd1 d2 36.
Kf2 Rxb3 37. Bb4 Rb1 38. Ke2 Qd5 39. Qxd5 exd5 40. Kxd2 R1xb4 41. axb4 Rxb4 42. Kd3 Rc4 43. Bb3 Rxc5 44. Kd4 Rc1 45. f5 Kf8 46. g4 Ke7 47. h4 Rh1 48. Kc5 Rxh4 49. Bd1 Rh1 50. Bf3 Rc1+ 51.
Kd4 Rc4+ 52. Kd3 c5 53. Bg2 Rxg4 54. Bf3 Rf4 0-1

[Event "Early-Titled-Tuesday-Blitz-February-06-2024"]
[Site "Chess.com"]
[Date "2024.02.06"]
[Round "5"]
[White "lucliasco"]
[Black "vi_pranav"]
[Result "0-1"]
[WhiteElo "2869"]
[BlackElo "3052"]
[TimeControl "180+1"]
[EndTime "8:55:54 PST"]
[Termination "vi_pranav won by resignation"]

1. e4 e5 2. Nf3 Nc6 3. d4 exd4 4.
Bc4 Nf6 5. O-O Nxe4 6. Re1 d5 7. Bxd5 Qxd5 8. Nc3 Qa5 9. Nxe4 Be6 10. Neg5 O-O-O 11. Nxe6 fxe6 12. Rxe6 Qd5 13. Qe2 Bd6 14. Bg5 Rdf8 15.
Bh4 b6 16. Bg3 Bxg3 17. hxg3 Kb7 18. Re1 Rd8 19. a3 Rhf8 20. Re4 d3 21. cxd3 Qxd3 22. Ng5 Qxe2 23. R4xe2 Rf5 24. Ne6 Rd7 25. f4 h6 26.
b4 a5 27. bxa5 Rxa5 28. g4 Rxa3 29. Rb1 Rc3 30. Ra2 Nd4 31. Nf8 Re7 32. Ng6 Re4 33.
Rba1 Ne2+ 34. Kh2 Nxf4 35. Nf8 Re8 36. Nd7 Kc6 37. Rf1 Kxd7 38. Rxf4 Re7 39. Rf5 Rce3 40.
Rd2+ Kc6 41. Rc2+ Kb7 42. Rff2 R3e5 43. Kh3 b5 44. g3 Kb6 45. Rf8 c6 46. Rb8+ Rb7 47.
Rc8 c5 48. Kg2 b4 49. Kf3 Kb5 50. Kf4 Rg5 51. Rc1 b3 52. Ke4 Kb4 53. Kd3 Rd5+ 54. Ke2 b2 55. Rb1 Kb3 56. Ke3 c4 57. Ke4 Rdd7 58.
Rf8 c3 59. Rf2 Rf7 60. Rh2 Rbe7+ 61. Kd5 Rd7+ 62. Ke6 c2 0-1

[Event "Early-Titled-Tuesday-Blitz-February-06-2024"]
[Site "Chess.com"]
[Date "2024.02.06"]
[Round "5"]
[White "PavelShkapenko"]
[Black "Philippians46"]
[Result "0-1"]
[WhiteElo "2762"]
[BlackElo "2597"]
[TimeControl "180+1"]
[EndTime "8:55:55 PST"]
[Termination "Philippians46 won by resignation"]

1. e4 c5 2. c3 d5 3. exd5 Qxd5 4.
d4 Nc6 5. Nf3 Bf5 6. Be3 Nf6 7.
Na3 cxd4 8. Bc4 Qa5 9. Nxd4 e6 10.
Nab5 Be4 11. Nxc6 Bxc6 12. Nd6+ Bxd6 13. Qxd6 Rd8 14. Qc5 Qxc5 15. Bxc5 Bxg2 16. Rg1 Rc8 17. b4 Bd5 18. Bb5+ Bc6 19. Bxc6+ Rxc6 20. Rxg7 b6 21.
Bd4 e5 22. Bxe5 Re6 23. f4 Nh5 24. Rg5 Nxf4 25. O-O-O f6 26. Bc7 fxg5 27. Rd8+ Kf7 28. Rxh8 Rh6 29. Ra8 Rxh2 30. Rxa7 Ke6 31. Bxb6 Ne2+ 32.
Kd2 g4 33. Rg7 h5 34. Bc7 g3 35. Kd3 h4 36. b5 Nc1+ 37. Kc4 Rxa2 38. b6 Rb2 39.
Kc5 Nd3+ 40. Kc6 Ne5+ 41. Bxe5 Kxe5 42. Rg4 Kf5 43. Rxh4 g2 44. Rh2 Rxb6+ 45. Kc7 g1=Q 46. Rh5+ Kg6 47. Rd5 Rf6 48. c4 Qb6+ 49. Kd7 Rf7+ 0-1

[Event "Early-Titled-Tuesday-Blitz-February-06-2024"]
[Site "Chess.com"]
[Date "2024.02.06"]
[Round "5"]
[White "Evgeny81"]
[Black "HeroWilczek"]
[Result "1-0"]
[WhiteElo "2711"]
[BlackElo "2482"]
[TimeControl "180+1"]
[EndTime "8:55:55 PST"]
[Termination "Evgeny81 won by resignation"]

1. e4 e6 2. d4 d5 3. Nc3 Bb4 4. e5 c5 5. a3 Bxc3+ 6. bxc3 Ne7 7. Qg4 g6 8. h4 h5 9. Qf4 Qc7 10. Bd2 Nbc6 11. Nf3 Nf5 12. Bd3 cxd4 13. cxd4 Na5 14.
Bb4 Nc4 15. Bxf5 exf5 16. O-O Be6 17. Bd6 Qd7 18. Rfe1 O-O-O 19. Rab1 Rhg8 20. Rb3 b6 21. Reb1 Kb7 22. Nd2 Nxd6 23. exd6 Qxd6 24. Qg5 f4 25.
a4 Ka8 26. a5 Rb8 27. axb6 Rxb6 28. Rxb6 axb6 29. Qf6 Rc8 30. Nf3 Kb7 31. Ne5 Qd8 32. Qxf4 Qc7 33. Ra1 Bf5 34. Qf3 Be4 35. Qa3 Qb8 36.
Qa6+ Kc7 37. Ra3 Kd8 38. Nxf7+ Ke7 39. Ne5 Qc7 40. Rg3 Qxc2 41. Qa3+ Ke8 42. Qd6 Qc7 43.
Qe6+ Kf8 44. Nd7+ 1-0

[Event "Early-Titled-Tuesday-Blitz-February-06-2024"]
[Site "Chess.com"]
[Date "2024.02.06"]
[Round "5"]
[White "Rdeux42"]
[Black "Alexchess1984"]
[Result "0-1"]
[WhiteElo "2433"]
[BlackElo "2652"]
[TimeControl "180+1"]
[EndTime "8:55:55 PST"]
[Termination "Alexchess1984 won on time"]

1. e4 c5 2. Nf3 Nc6 3. Bb5 Nf6 4. e5 Ng4 5. Bxc6 dxc6 6. O-O g6 7. h3 Nh6 8. d4 cxd4 9. Qxd4 Qxd4 10. Nxd4 Nf5 11. Nxf5 Bxf5 12. Na3 Bg7 13. g4 Bd7 14. Bf4 O-O 15.
Rad1 Be6 16. b3 Rfd8 17. c4 f6 18. exf6 exf6 19. Rfe1 Bf7 20. Nc2 Bf8 21. Bc7 Rxd1 22. Rxd1 Rc8 23. Bg3 b5 24. Ne3 Bc5 25. cxb5 cxb5 26.
Rc1 Be6 27. Kg2 Kf7 28. Kf3 Be7 29. Rxc8 Bxc8 30. Ke4 Ke6 31. Bb8 a5 32. f4 Bb7+ 33. Kd4 Bd8 34. Kc5 b4 35. f5+ Kd7 36. Bd6 Be4 37. h4 Bb1 38. h5 gxh5 39. gxh5 Bxa2 40. Nd5 Bxb3 41. Bf4 Bxd5 42. Kxd5 a4 43. Kc4 Be7 44. Bc1 b3 0-1